Map: Alcyone LE

Players

SubN - Winner!

  • Race: Zerg Zerg
  • League: Diamond
  • Spawn Location: 7:00

Verve

  • Race: Zerg Zerg
  • League: Platinum
  • Spawn Location: 1:00

VOD

Have the link to the VOD?

Description

Time

  • Played on: Jan. 20, 2024, 6:33 p.m.
  • Length: 8:00
Show
View Real Time Build Order
Export as new Build Order

SubN Zerg - Winner!

Build Orders: Hatch First 

Get SALT Encoding   

  12  0:00  Drone  
  13  0:12  Overlord  
  13  0:16  Drone  
  14  0:30  Drone x2  
  16  0:42  Drone  
  17  0:55  Drone, Hatchery  
  17  0:58  Drone  
  18  1:11  Extractor  
  17  1:15  Spawning Pool  
  16  1:23  Drone x2  
  18  1:27  Drone  
  19  1:39  Drone  
  20  1:49  Overlord  
  20  2:07  Evolution Chamber  
  19  2:11  Spine Crawler  
  19  2:13  Queen  
  20  2:17  Evolution Chamber  
  20  2:22  Spine Crawler  
  18  2:29  Drone x3  
  18  2:53  Metabolic Boost  
  18  2:55  Drone  
  19  3:04  Drone  
  19  3:05  Drone  
  21  3:29  Hatchery  
  20  3:45  Roach Warren  
  20  3:47  Drone x2  
  22  3:48  Drone  
  22  3:55  Overlord  
  22  4:03  Overlord  
  22  4:11  Overlord  
  22  4:28  Zerg Ground Armor Level 1, Zerg Missile Weapons Level 1  
  22  4:33  Drone, Extractor  
  22  4:35  Drone  
  23  4:41  Drone  
  24  4:48  Drone  
  25  4:53  Drone  
  25  4:57  Drone x3  
  29  5:02  Lair  
  29  5:08  Overlord  
  29  5:14  Queen  
  29  5:17  Drone  
  32  5:33  Drone  
  33  5:42  Drone  
  34  5:45  Roach  
  34  5:46  Roach x5  
  46  5:50  Roach  
  49  5:57  Drone  
  49  6:02  Glial Reconstitution  
  49  6:09  Drone  
  50  6:12  Roach x2  
  50  6:16  Drone  
  55  6:22  Extractor  
  54  6:27  Roach  
  54  6:28  Roach x2  
  54  6:32  Overlord x4  
  60  6:33  Overlord  
  60  6:48  Hatchery  
  60  6:54  Drone x2  
  60  6:57  Drone  
  60  7:00  Drone, Extractor  
  60  7:01  Drone x2  
  66  7:15  Roach  
  66  7:16  Roach x5  
  76  7:28  Roach  
  76  7:29  Roach x3  
  84  7:38  Roach x2  
  84  7:40  Zergling x2  
  84  7:41  Zergling x2  
Show
View Real Time Build Order
Export as new Build Order

Verve Zerg 

Build Orders: Pool First 

Get SALT Encoding   

  12  0:18  Spawning Pool  
  11  0:21  Drone  
  11  0:27  Drone  
  13  0:35  Overlord  
  13  0:40  Drone  
  14  1:05  Zergling x6  
  17  1:18  Hatchery  
  16  1:21  Extractor  
  16  1:23  Zergling x2  
  16  1:29  Zergling x2  
  18  1:40  Drone  
  18  1:42  Queen  
  20  1:52  Drone  
  21  2:02  Overlord  
  21  2:12  Drone  
  21  2:49  Overlord  
  19  2:51  Queen x2  
  23  3:05  Drone x3  
  26  3:16  Evolution Chamber  
  25  3:28  Evolution Chamber  
  25  3:30  Roach Warren  
  25  3:31  Spine Crawler  
  25  3:32  Drone  
  25  3:33  Drone  
  24  3:40  Drone x2  
  26  3:49  Drone x2  
  26  3:50  Drone  
  26  3:52  Drone  
  30  3:56  Drone  
  30  3:59  Drone  
  32  4:15  Metabolic Boost  
  32  4:17  Drone x2  
  32  4:18  Drone x2  
  32  4:19  Drone x2  
  38  4:29  Overlord  
  38  4:44  Roach x2  
  38  4:45  Overlord  
  42  4:46  Overlord  
  46  4:52  Roach  
  46  4:53  Roach x3  
  50  5:12  Overlord  
  50  5:13  Overlord  
  50  5:14  Roach x2  
  50  5:15  Roach  
  50  5:16  Drone x2  
  58  5:25  Drone x3  
  58  5:26  Drone x2  
  63  5:40  Drone x2  
  65  5:43  Extractor  
  65  5:44  Extractor  
  63  5:52  Roach x2  
  67  6:07  Drone  
  67  6:08  Drone x5  
  73  6:12  Overlord  
  73  6:16  Extractor  
  72  6:31  Roach x4  
  72  6:32  Roach x2  
  84  6:33  Overlord x3  
  84  6:53  Hatchery  
  83  7:02  Drone  
  83  7:04  Drone  
  83  7:05  Drone  
  83  7:06  Overlord x2  
  83  7:07  Roach x3  
  92  7:19  Roach  
  92  7:20  Roach x3  
  98  7:43  Zergling x6  
Tags
 
Add a new tag
Caveats
  • Supply blocks, unpowered buildings, or Contaminate may cause inaccurate times.
  • Supply counts are checked every 10 seconds.